 Dungeon Crawl Stone Soup version 0.14.0-24-gfb45beb (webtiles) character file.

32666 Infinimo the Brawler (level 13, -8/136 HPs)
             Began as a Troll Berserker on Apr 24, 2014.
             Was a High Priest of Trog.
             Mangled by a seven-headed hydra (14 damage)
             ... on Level 7 of the Lair of Beasts.
             The game lasted 00:24:58 (14080 turns).

Infinimo the Brawler (Troll Berserker)             Turns: 14080, Time: 00:24:58

HP  -8/136       AC  9     Str 28      XL: 13   Next: 27%
MP   5/5         EV  9     Int  7      God: Trog [*****.]
Gold 928         SH 20     Dex  9      Spells:  0 memorised, 12 levels left

rFire  + + .     SeeInvis .       - Unarmed
rCold  + . .     Clarity  .     h - +2 robe {rC+ rF+}
rNeg   . . .     Conserve +     F - +0 shield (curse)
rPois  +         rCorr    .     f - +2 hat
rElec  +         rRot     .     (no cloak)
SustAb . .       Spirit   .     (gloves unavailable)
rMut   .         Warding  .     (boots unavailable)
Gourm  +         Stasis   .     V - cursed amulet "Couliodidgh" {Cons Contam rElec}
MR     .....                    v - ring of protection from fire
                                c - ring of poison resistance

@: not resistant to hostile enchantments, unstealthy
A: unfitting armour, claws 3, fast metabolism 3, gourmand, regeneration 2,
saprovore 2, shaggy fur 1, tough skin 2
a: Burn Spellbooks, Berserk, Trog's Hand, Brothers in Arms, Renounce Religion


You were on level 7 of the Lair of Beasts.
You worshipped Trog.
Trog was extremely pleased with you.
You were not hungry.

You visited 3 branches of the dungeon, and saw 18 of its levels.

You collected 1024 gold pieces.
You spent 96 gold pieces at shops.

Inventory:

Armour
 f - a +2 hat (worn)
 h - a +2 robe of resistance (worn)
 F - a cursed +0 shield (worn)
Magical devices
 l - a wand of frost (16)
 T - a wand of polymorph (15)
Comestibles
 a - 8 meat rations
 b - 8 apples
 i - 5 bread rations
 n - 5 chokos
 o - 16 cheeses
 p - a beef jerky
 u - a sausage
 x - an orange
 A - 3 pears
 H - 3 grapes
 J - a slice of pizza
Scrolls
 d - 7 scrolls of teleportation
 j - 11 scrolls of remove curse
 B - 3 scrolls of recharging
 C - 3 scrolls of magic mapping
 I - 2 scrolls of fear
 N - a scroll of enchant weapon II
Jewellery
 c - a ring of poison resistance (left claw)
 m - an uncursed amulet of resist corrosion
 v - a ring of protection from fire (right claw)
 V - the cursed amulet "Couliodidgh" (around neck) {Cons Contam rElec}
   (You found it on level 5 of the Lair of Beasts)

   [amulet of conservation]

   It insulates you from electricity.
   It causes magical contamination when unequipped.
   It has a curse placed upon it.
Potions
 e - 11 potions of curing
 g - 4 potions of brilliance
 k - 2 potions of might
 q - a potion of haste {unknown}
 r - 2 potions of confusion {unknown}
 s - 3 potions of restore abilities {unknown}
 t - 2 potions of flight
 w - 5 potions of agility {unknown}
 z - 6 potions of poison {unknown}
 G - a potion of lignification {unknown}
 O - a potion of cure mutation {unknown}
 Q - a potion of berserk rage {unknown}
 R - a potion of porridge
Miscellaneous
 E - a plain deck of war
 X - a plain deck of war {the Hammer}


   Skills:
 - Level 10.8 Fighting
 - Level 2.6 Dodging
 + Level 5.4 Shields
 - Level 17.1 Unarmed Combat


You had 12 spell levels left.
You didn't know any spells.

Dungeon Overview and Level Annotations

Branches:
Dungeon (10/15)            Temple (0/1) D:6             Orc (0/4) D:10
   Lair (7/8) D:8          Shoals (0/5) Lair:6        Snake (1/5) Lair:5
  Slime: Lair:6-8

Altars:
Fedhas
Nemelex Xobeh
Vehumet
Xom
Beogh

Shops:
D:8 ?


Innate Abilities, Weirdness & Mutations

You are too large for most types of armour.
You have claws for hands.
Your metabolism is lightning-fast.
You like to eat raw meat.
You heal very quickly.
You can eat rotten meat.
You are covered in fur (AC +1).
You have very tough skin (AC +2).


Message History

The seven-headed hydra is almost dead.
The seven-headed hydra bites you! x3
The seven-headed hydra bites you. x2
The seven-headed hydra bites you!
* * * LOW HITPOINT WARNING * * *
Use which ability? (? or * to list)
Your troll goes berserk!
You feel somewhat more hungry. The seven-headed hydra bites you.
* * * LOW HITPOINT WARNING * * *
You block the seven-headed hydra's attack.
The seven-headed hydra bites you.
* * * LOW HITPOINT WARNING * * *
The seven-headed hydra bites you!
* * * LOW HITPOINT WARNING * * *
The seven-headed hydra bites you!
* * * LOW HITPOINT WARNING * * *
The seven-headed hydra bites you.
* * * LOW HITPOINT WARNING * * *
The seven-headed hydra bites you!
You die...

. ... ..... ##.....
#######.......
##.#T#.#........
#....>@D..........
##.≈≈≈≈≈≈.........###
##.≈≈≈≈≈≈........P..#.
##..≈≈#≈≈≈..............
#...≈#≈≈≈≈..............
##..≈≈≈≈≈≈..............
#......................
##..................P.f
#..#...............#


You could see a seven-headed hydra (bleeding) and a friendly troll (berserk).

Vanquished Creatures
  6 death yaks
  A catoblepas (Lair:6)
  2 hill giants (D:10)
  4 griffons
  3 black mambas
  8 elephants
  6 spiny frogs
  A feature mimic (Lair:1)
  4 blink frogs (Lair:4)
  A troll (D:9)
  A fire vortex (Lair:7)
  A merfolk (Lair:6)
  A two-headed ogre (D:10)
  4 komodo dragons
  A boulder beetle (Lair:6)
  A raven (Lair:6)
  3 sharks (Lair:6)
  A basilisk (Lair:5)
  3 wyverns
  15 yaks
  2 hungry ghosts
  An elephant slug (Lair:4)
  6 hippogriffs
  5 vampire mosquitoes (Lair:5)
  7 wolves (Lair:7)
  A soldier ant (D:10)
  12 porcupines
  5 phantoms
  4 orc warriors
  12 water moccasins
  A sky beast (D:6)
  3 ice beasts
  A black bear (Lair:3)
  A yellow wasp (Lair:6)
  An ogre (D:9)
  2 centaurs
  4 giant goldfish
  A boring beetle (Lair:7)
  Sigmund (D:7)
  2 lava worms (Lair:6)
  7 crocodiles
  4 giant slugs
  Blork the orc (D:6)
  11 giant frogs
  2 insubstantial wisps (Lair:5)
  6 killer bees (D:10)
  A scorpion (D:8)
  An electric eel (Lair:7)
  8 wights (D:8)
  A hippogriff skeleton (D:8)
  10 hounds
  A goliath beetle (D:6)
  A jelly (D:5)
  11 big fish
  A giant frog skeleton (D:8)
  An elf skeleton (D:7)
  3 orc priests
  7 iguanas
  2 orc wizards
  Natasha (twice) (D:5)
  An orange rat (D:7)
  4 worker ants
  A killer bee zombie (D:6)
  5 sheep (Lair:4)
  A crocodile zombie (D:10)
  Ijyb (D:3)
  Terence (D:3)
  7 gnolls (D:6)
  12 adders
  39 green rats
  A giant mite (Lair:4)
  4 worms
  An adder zombie (D:7)
  7 giant geckos
  An ooze (D:1)
  22 orcs
  24 bats
  A bat skeleton (D:4)
  4 giant cockroaches
  A giant mite zombie (D:7)
  8 goblins
  10 hobgoblins
  13 jackals
  16 kobolds
  9 giant newts
  A giant spore (D:9)
  12 quokkas
  26 rats
  A rat skeleton (D:4)
  7 ballistomycetes
  A butterfly (D:9)
  A plant (Lair:5)
463 creatures vanquished.

Vanquished Creatures (collateral kills)
  4 hydras
  3 wolves (Lair:7)
  A hound (Lair:4)
  A big fish (Lair:5)
9 creatures vanquished.

Vanquished Creatures (others)
  A troll (Lair:7)
  A giant spore (D:8)
  A kobold (D:8)
  4 fungi
7 creatures vanquished.

Grand Total: 479 creatures vanquished

Notes
Turn   | Place    | Note
--------------------------------------------------------------
     0 | D:1      | Infinimo, the Troll Berserker, began the quest for the Orb.
     0 | D:1      | Reached XP level 1. HP: 22/22 MP: 1/1
   103 | D:1      | Reached XP level 2. HP: 29/29 MP: 1/1
   579 | D:1      | Reached skill level 4 in Unarmed Combat
   589 | D:1      | Acquired Trog's second power
   818 | D:2      | Reached XP level 3. HP: 36/36 MP: 2/2
  1488 | D:3      | Noticed Terence
  1507 | D:3      | Killed Terence
  1507 | D:3      | Reached skill level 5 in Unarmed Combat
  1507 | D:3      | Reached XP level 4. HP: 41/44 MP: 2/2
  1823 | D:3      | Noticed Ijyb
  1838 | D:3      | Killed Ijyb
  2039 | D:4      | Found a shimmering altar of Xom.
  2086 | D:4      | Reached XP level 5. HP: 46/50 MP: 2/2
  2458 | D:5      | Entered Level 5 of the Dungeon
  2474 | D:5      | Noticed Natasha
  2482 | D:5      | Killed Natasha
  2482 | D:5      | Reached skill level 6 in Unarmed Combat
  2725 | D:5      | Reached XP level 6. HP: 57/61 MP: 3/3
  2833 | D:5      | Noticed Natasha
  2840 | D:5      | Killed Natasha
  2968 | D:5      | Paralysed by a kobold for 7 turns
  2976 | D:5      | Acquired Trog's third power
  3199 | D:5      | Noticed a hungry ghost
  3219 | D:5      | Killed a hungry ghost
  3517 | D:6      | Reached skill level 7 in Unarmed Combat
  3583 | D:6      | Reached XP level 7. HP: 68/68 MP: 3/3
  3591 | D:6      | Found a staircase to the Ecumenical Temple.
  3727 | D:6      | Noticed Blork the orc
  3737 | D:6      | Killed Blork the orc
  3737 | D:6      | Reached skill level 8 in Unarmed Combat
  3939 | D:6      | Reached XP level 8. HP: 73/79 MP: 3/3
  4106 | D:7      | Noticed Sigmund
  4113 | D:7      | Killed Sigmund
  4113 | D:7      | Reached skill level 5 in Fighting
  4132 | D:7      | Reached skill level 9 in Unarmed Combat
  4683 | D:8      | Found Ghieck's Magic Scroll Shop.
  4704 | D:8      | Bought a scroll of teleportation for 48 gold pieces
  4704 | D:8      | Bought a scroll of teleportation for 48 gold pieces
  4744 | D:8      | Reached skill level 10 in Unarmed Combat
  4834 | D:8      | Reached XP level 9. HP: 69/89 MP: 4/4
  4922 | D:8      | Found a staircase to the Lair.
  5363 | D:8      | Found a blossoming altar of Fedhas.
  5433 | D:9      | Reached skill level 11 in Unarmed Combat
  5748 | D:9      | Found a sparkling altar of Nemelex Xobeh.
  6092 | D:10     | Entered Level 10 of the Dungeon
  6305 | D:10     | Reached skill level 12 in Unarmed Combat
  6311 | D:10     | Reached XP level 10. HP: 73/102 MP: 4/4
  6520 | D:10     | Noticed a hill giant
  6531 | D:10     | Killed a hill giant
  6715 | D:10     | Found a staircase to the Orcish Mines.
  6720 | D:10     | Found a roughly hewn altar of Beogh.
  6733 | D:10     | Received a gift from Trog
  6959 | D:10     | Noticed a hill giant
  6971 | D:10     | Reached skill level 13 in Unarmed Combat
  6973 | D:10     | Killed a hill giant
  7257 | Lair:1   | Entered Level 1 of the Lair of Beasts
  7911 | Lair:2   | Reached XP level 11. HP: 66/113 MP: 4/4
  7955 | Lair:2   | Reached skill level 14 in Unarmed Combat
  9224 | Lair:3   | Received a gift from Trog
  9655 | Lair:4   | Noticed a death yak
  9656 | Lair:4   | Noticed a death yak
  9657 | Lair:4   | Noticed a death yak
  9659 | Lair:4   | Noticed a death yak
  9666 | Lair:4   | Noticed a death yak
  9666 | Lair:4   | Killed a death yak
  9669 | Lair:4   | Reached skill level 15 in Unarmed Combat
  9675 | Lair:4   | Killed a death yak
  9679 | Lair:4   | Killed a death yak
  9685 | Lair:4   | Killed a death yak
  9690 | Lair:4   | Killed a death yak
  9864 | Lair:4   | Noticed a four-headed hydra
  9981 | Lair:4   | Reached XP level 12. HP: 82/126 MP: 5/5
 10143 | Lair:4   | Found a radiant altar of Vehumet.
 10170 | Lair:4   | Killed an eight-headed hydra
 10289 | Lair:4   | Received a gift from Trog
 10750 | Lair:5   | Got a faintly glowing amethyst amulet
 10753 | Lair:5   | Found a staircase to the Snake Pit.
 10756 | Lair:5   | Reached skill level 10 in Fighting
 10761 | Snake:1  | Entered Level 1 of the Snake Pit
 10876 | Lair:5   | Reached skill level 16 in Unarmed Combat
 11607 | Lair:5   | Identified the cursed amulet "Couliodidgh" {Cons Contam rElec} (You found it on level 5 of the Lair of Beasts)
 11647 | Lair:5   | Received a gift from Trog
 11918 | Lair:5   | Noticed a seven-headed hydra
 11925 | Lair:5   | Killed an eight-headed hydra
 12240 | Lair:6   | Reached skill level 17 in Unarmed Combat
 12591 | Lair:6   | Found a staircase to the Shoals.
 12621 | Lair:6   | Reached skill level 1 in Shields
 12931 | Lair:6   | Received a gift from Trog
 13229 | Lair:7   | Reached XP level 13. HP: 113/136 MP: 5/5
 13806 | Lair:7   | Noticed a five-headed hydra
 13813 | Lair:7   | Killed a six-headed hydra
 13831 | Lair:7   | Reached skill level 5 in Shields
 14068 | Lair:7   | Noticed a four-headed hydra
 14071 | Lair:7   | Noticed a six-headed hydra
 14072 | Lair:7   | Killed a five-headed hydra
 14080 | Lair:7   | HP: 6/136 [seven-headed hydra (1)]
 14080 | Lair:7   | Mangled by a seven-headed hydra

Action                   |  1- 3 |  4- 6 |  7- 9 | 10-12 | 13-15 || total
-------------------------+-------+-------+-------+-------+-------++-------
Melee: Unarmed           |   113 |   176 |   338 |   625 |   127 ||  1379
Invok: Berserk           |       |       |       |     3 |       ||     3
       Brothers in Arms  |       |       |       |     2 |     3 ||     5
       Trog's Hand       |       |       |       |     1 |       ||     1
Evoke: Wand              |       |       |     2 |    10 |       ||    12
  Use: Scroll            |     7 |     4 |     6 |     6 |     4 ||    27
       Potion            |       |       |     3 |     1 |       ||     4
